Match 41615661
Unlisted

Match 41615661
End
Construct Section Command Post
Vickers Machine Gun Team
Selects Canadian Shock Battlegroup
Dingo Light Scout Car
Infantry Section
Infantry Section
Infantry Section
Construct Platoon Command Post
Unlock Bishop Self-propelled Artillery
Selects Incendiary Munitions
Selects Pyrotechnics
Bishop Self-propelled Artillery
Phan
kamacura
shadow 2
Der schöne Bob
Hans Vader
Pleb_SGC
0
0

Comments sign in to comment!

No comments posted yet!